 Dungeon Crawl Stone Soup version 0.29.0-4-gdea44cf6ec (webtiles) character file.

Game seed: 4616636544164403284

46 qw the Vexing (level 3, -1/35 HPs)
             Began as an Ogre Enchanter on Sept 4, 2022.
             Slain by an adder (4 damage)
             ... on level 2 of the Dungeon.
             The game lasted 00:00:50 (2645 turns).

qw the Vexing (Ogre Enchanter)                      Turns: 2645, Time: 00:00:51

Health: -1/35      AC:  3    Str: 14    XL:     3   Next: 68%
Magic:  6/6        EV:  9    Int: 16    God:
Gold:   78         SH:  0    Dex:  9    Spells: 6/6 levels left

rFire   . . .      SeeInvis .   Y - +0 whip
rCold   . . .      Faith    .   (no shield)
rNeg    . . .      Spirit   .   b - +0 robe
rPois   .          Reflect  .   (helmet restricted)
rElec   .          Harm     .   (no cloak)
rCorr   .          Rampage  .   (gloves unavailable)
Will    .....                   (boots unavailable)
Stlth   ++........              (no amulet)
HPRegen 0.11/turn               (no ring)
MPRegen 0.10/turn               (no ring)

@: lethally poisoned (-1 -> -4)
A: large, unfitting armour, tough skin 1
a: no special abilities


You were on level 2 of the Dungeon.
You visited 1 branch of the dungeon, and saw 2 of its levels.

You collected 78 gold pieces.


Innate Abilities, Weirdness & Mutations

You are too large for most types of armour.
You have tough skin. (AC +1)


   Skills:
 - Level 2.1 Fighting
 - Level 0.8 Short Blades
 + Level 2.6 Axes
 - Level 1.7 Dodging
 - Level 2.1 Stealth
 - Level 2.4 Spellcasting
 - Level 2.6 Hexes


You had 6 spell levels left.
You didn't know any spells.
Your spell library contained the following spells:

 Spells                   Type           Power      Damage    Failure   Level
 Ensorcelled Hibernation  Hex/Ice        12%        N/A       17%         2
 Confusing Touch          Hex            10%        N/A       21%         3
 Tukima's Dance           Hex            10%        N/A       21%         3
 Dazzling Flash           Conj/Hex       12%        N/A       34%         3

Inventory:

Hand Weapons
 Y - a +0 whip (weapon)
Armour
 b - a +0 robe (worn)
Jewellery
 c - an amulet of reflection
Scrolls
 a - a scroll of teleportation {unknown}
 g - a scroll of identify
Potions
 h - 3 potions of curing
 k - a potion of degeneration {unknown}

Dungeon Overview and Level Annotations

Branches:
Dungeon (2/15)

Altars:

Shops:
D:1 (:[


Message History

The adder bites you but does no damage. x2
You miss the adder. The adder bites you.
You are poisoned.
The adder poisons you!
You miss the adder.
You feel sick. The adder bites you.
You closely miss the adder.
You feel sick. The adder closely misses you. The adder barely misses you.
You miss the adder.
You feel sick. The adder barely misses you.
You miss the adder.
You feel sick. The adder bites you.
You miss the adder.
You feel sick.
You are no longer poisoned.
The adder bites you. x2
You are poisoned.
The adder poisons you!
You miss the adder.
You feel sick. The adder bites you but does no damage.
You miss the adder.
You feel sick. The adder barely misses you.
You closely miss the adder.
You feel sick. The adder bites you. The adder bites you but does no damage.
You miss the adder.
You feel sick. The adder barely misses you.
You barely miss the adder.
You feel sick. The adder bites you.
You are more poisoned.
The adder poisons you!
You miss the adder.
You feel sick. The adder bites you but does no damage. The adder bites you.
You closely miss the adder.
You feel sick. The adder bites you but does no damage.
You miss the adder.
You feel sick. The adder barely misses you.
You miss the adder.
You feel sick. The adder bites you.
You die...

######### #####.#.....#
#...........)
###............
###.......?......
#..#####.......#........
#......@...#####........
###.#..S#### #........
##....## #........
#....##### #........
..........# #.......<
..........######........
...(..........##....>...
...............%...<....
.........#####.........


You could see an adder.

Vanquished Creatures
  2 adders
  3 dart slugs
  A ball python (D:2)
  An endoplasm (D:1)
  3 giant cockroaches
  4 hobgoblins
  3 kobolds (D:1)
  2 quokkas
  2 bats
  A rat (D:2)
22 creatures vanquished.

Notes
Turn   | Place    | Note
-------+----------+-------------------------------------------
     0 | D:1      | qw the Ogre Enchanter began the quest for the Orb.
     0 | D:1      | Reached XP level 1. HP: 16/16 MP: 3/3
     0 | D:1      | 0 ||| qw: Version: 0.1-a-103-gd6f5d3a
     0 | D:1      | 0 ||| qw: Game counter: 5411
     0 | D:1      | 0 ||| qw: Always use a shield: true
     0 | D:1      | 0 ||| qw: God list: Okawaru
     0 | D:1      | 0 ||| qw: Allow faded altars: false
     0 | D:1      | 0 ||| qw: Do Orc after D:15 true
     0 | D:1      | 0 ||| qw: Do second Lair branch before Depths: true
     0 | D:1      | 0 ||| qw: Lair rune preference: random
     0 | D:1      | 0 ||| qw: Plans: Normal
     0 | D:1      | 0 ||| PLANNING D:1-11
   157 | D:1      | 157 ||| Stepping ~*~*~tactically~*~*~ (hiding).
   271 | D:1      | Reached skill level 1 in Axes
   404 | D:1      | 404 ||| SWAPPING to +0 club.
   405 | D:1      | 405 ||| DROPPING +1 dagger.
   475 | D:1      | Reached skill level 1 in Fighting
   475 | D:1      | Reached XP level 2. HP: 14/27 MP: 5/5
   616 | D:1      | 616 ||| SWAPPING to +0 short sword.
   617 | D:1      | 617 ||| DROPPING +0 club.
   666 | D:1      | 666 ||| DROPPING +0 dagger of venom.
   720 | D:1      | 720 ||| SWAPPING to +0 whip.
   721 | D:1      | 721 ||| DROPPING +0 short sword.
   737 | D:1      | Found Buank's Armour Boutique.
   748 | D:1      | 748 ||| SHOPLISTING +0 cloak (58 gold, have 26).
   814 | D:1      | HP: 5/27 [giant cockroach (2)]
   819 | D:1      | HP: 4/27 [giant cockroach (1)]
  1324 | D:1      | Found Ammasiosi's Antique Weapon Emporium.
  1335 | D:1      | 1335 ||| SHOPLISTING falchion (72 gold, have 61).
  1335 | D:1      | 1335 ||| SHOPLISTING glowing mace (144 gold, have 61).
  1335 | D:1      | 1335 ||| SHOPLISTING glowing war axe (156 gold, have 61).
  1335 | D:1      | 1335 ||| SHOPLISTING runed morningstar (168 gold, have 61).
  1513 | D:1      | Found Moczutah's Book Shop.
  1644 | D:1      | 1644 ||| READING scroll labelled EHAPHA SAGYTAW.
  1768 | D:1      | 1768 ||| READING scroll labelled YRENIZ ROOT.
  1769 | D:1      | 1769 ||| READING scroll labelled TIWO GYACWU.
  1770 | D:1      | 1770 ||| READING 2 scrolls labelled HEIPYT WIMM.
  1771 | D:1      | 1771 ||| READING scroll labelled LYMARAR FODD.
  1772 | D:1      | 1772 ||| READING scroll labelled IROXKA XELIPT.
  1773 | D:1      | 1773 ||| DRINKING 2 blue potions.
  1774 | D:1      | 1774 ||| DROPPING 2 potions of invisibility.
  1786 | D:2      | 1786 ||| STAIRDANCE
  1798 | D:1      | Reached XP level 3. HP: 25/33 MP: 6/6
  1870 | D:2      | 1870 ||| STAIRDANCE
  1914 | D:2      | 1914 ||| STAIRDANCE
  2061 | D:2      | 2061 ||| Stepping ~*~*~tactically~*~*~ (stealth).
  2255 | D:2      | 2255 ||| FLEEEEING.
  2261 | D:2      | 2261 ||| FLEEEEING.
  2340 | D:2      | 2340 ||| Stepping ~*~*~tactically~*~*~ (stealth).
  2341 | D:2      | 2341 ||| Stepping ~*~*~tactically~*~*~ (stealth).
  2342 | D:2      | 2342 ||| Stepping ~*~*~tactically~*~*~ (stealth).
  2346 | D:2      | 2346 ||| Stepping ~*~*~tactically~*~*~ (outnumbered).
  2347 | D:2      | 2347 ||| Stepping ~*~*~tactically~*~*~ (outnumbered).
  2348 | D:2      | 2348 ||| Stepping ~*~*~tactically~*~*~ (outnumbered).
  2349 | D:2      | 2349 ||| Stepping ~*~*~tactically~*~*~ (outnumbered).
  2350 | D:2      | 2350 ||| Stepping ~*~*~tactically~*~*~ (outnumbered).
  2351 | D:2      | 2351 ||| Stepping ~*~*~tactically~*~*~ (outnumbered).
  2352 | D:2      | 2352 ||| Stepping ~*~*~tactically~*~*~ (outnumbered).
  2507 | D:2      | 2507 ||| Stepping ~*~*~tactically~*~*~ (stealth).
  2510 | D:2      | 2510 ||| Stepping ~*~*~tactically~*~*~ (hiding).
  2642 | D:2      | HP: 7/35 [adder (4)]
  2645 | D:2      | HP: 3/35 [poisoned by an adder]
  2645 | D:2      | Slain by an adder

Levels and vault maps discovered:
D:1:      doesnt_arrival_eight_statues, layout_basic, serial_shops, shop_statue,
          nicolae_shop_trees, nicolae_lakefront_shop
D:2:      layout_rooms

Skill      XL: |  1  2  3 |
---------------+----------+-----
Axes           | 1 2 |  2.6
Fighting       | 1 2 |  2.1
Short Blades   | |  0.8
Dodging        | |  1.7
Stealth        | |  2.1
Spellcasting   | |  2.4
Hexes          | |  2.6

Action                   || total
-------------------------++-------
Melee: Club              ||    13
       Dagger            ||    13
       Whip              ||   112
       Punch             ||     3
  Use: Scroll            ||     6
       Potion            ||     1
 Stab: Sleeping          ||     1
Armor: Robe              ||    38
Dodge: Dodged            ||    55

Table legend:
 A = Non-vault XP
 B = Vault XP
 C = Vault XP percentage of total XP
 D = Non-vault monster count
 E = Vault monster count
 F = Vault count percentage of total count
                 A         B        C        D         E       F
            +---------+---------+-------+---------+---------+-------
      Total |      67 |       0 |   0.0 |      22 |       0 |   0.0
            +---------+---------+-------+---------+---------+-------
        D:1 |      38 |       0 |   0.0 |      13 |       0 |   0.0
        D:2 |      29 |       0 |   0.0 |       9 |       0 |   0.0
            +---------+---------+-------+---------+---------+-------
